 Dungeon Crawl Stone Soup version 0.29-a0-266-gf56f883ddd (webtiles) character file.

Game seed: 7299057172424367138

1936 Inarius the Cleaver (level 8, -3/61 HPs)
             Began as a Demonspawn Fighter on Mar 6, 2022.
             Was a Believer of Makhleb.
             Slain by an orc knight
             ... wielding a +0 war axe
              (16 damage)
             ... in a bailey.
             The game lasted 00:08:09 (7991 turns).

Inarius the Cleaver (Demonspawn Fighter)            Turns: 7991, Time: 00:08:10

Health: -3/61      AC: 17    Str: 18    XL:     8   Next: 97%
Magic:  11/11      EV:  5    Int: 10    God:    Makhleb [**....]
Gold:   254        SH:  5    Dex: 13    Spells: 7/7 levels left

rFire   + . .      SeeInvis .   a - +0 war axe
rCold   . . .      Faith    .   c - +0 buckler
rNeg    . . .      Spirit   .   h - +0 plate armour
rPois   .          Reflect  .   (no helmet)
rElec   .          Harm     .   n - +0 cloak
rCorr   .          Rampage  .   y - +0 pair of gloves
Will    +....                   t - +0 pair of boots
Stlth   ..........              (no amulet)
HPRegen 0.20/turn               b - ring of protection from fire
MPRegen 0.12/turn               v - ring of willpower

@: no status effects
A: icy blue scales 1, demonic guardian 2, ignite blood 1
a: Renounce Religion, Minor Destruction


You were in a bailey.
You worshipped Makhleb.
Makhleb was pleased with you.
You visited 2 branches of the dungeon, and saw 8 of its levels.
You also visited: Bailey.

You collected 254 gold pieces.

Inventory:

Hand Weapons
 a - a +0 war axe (weapon)
Armour
 c - a +0 buckler (worn)
 h - a +0 plate armour (worn)
 l - a +0 tower shield
 n - a +0 cloak (worn)
 t - a +0 pair of boots (worn)
 y - a +0 pair of gloves (worn)
Jewellery
 b - a ring of protection from fire (left hand)
 j - a ring of ice
 v - a ring of willpower (right hand)
Wands
 A - a wand of mindburst (15)
 E - a wand of digging (2)
Scrolls
 e - a scroll of amnesia {unknown}
 f - 2 scrolls of immolation
 i - 2 scrolls of vulnerability
 m - a scroll of fog {unknown}
 p - a scroll of fear
 q - a scroll of silence {unknown}
 s - a scroll of teleportation {unknown}
 u - a scroll of magic mapping
 x - a scroll of noise {unknown}
 C - a scroll of enchant armour {unknown}
Potions
 d - 2 potions of might
 g - 2 potions of curing
 k - 2 potions of attraction
 o - a potion of brilliance
 w - a potion of haste
 z - a potion of flight
 B - a potion of mutation


   Skills:
 + Level 4.9 Fighting
 * Level 8.2 Axes
 + Level 5.0 Armour
 + Level 3.7 Shields
 * Level 4.3 Invocations


You had 7 spell levels left.
You didn't know any spells.
Your spell library contained the following spells:

 Spells                   Type           Power      Damage    Failure   Level
 Magic Dart               Conj           0%         1d3       100%        1
 Call Imp                 Summ           0%         N/A       100%        2
 Mephitic Cloud           Conj/Pois/Air  0%         N/A       100%        3
 Blade Hands              Tmut           0%         N/A       100%        5
 Irradiate                Conj/Tmut      0%         3d13      100%        5
 Dragon Form              Tmut           0%         N/A       100%        7


Dungeon Overview and Level Annotations

Branches:
Dungeon (7/15)             Temple (1/1) D:4          Bailey (1/1)

Altars:
Makhleb
Yredelemnul

Shops:
D:2 =


Innate Abilities, Weirdness & Mutations

You are partially covered in icy blue scales. (AC +2)
A demonic guardian rushes to your aid.
Your demonic aura sometimes causes spilled blood to erupt in flames.


Message History

The orc knight roars a battlecry!
You hear a shout!
You block the goblin's attack. The goblin attacks as you move away!
The goblin barely misses you.
There is an open door, spattered with blood here.
Items here: )) [[ ÷.
You barely miss the goblin. The goblin completely misses you.
The orc knight no longer looks unusually strong.
The goblin attacks as you move away! The goblin hits you but does no damage.
You slash the goblin!
You kill the goblin!
Makhleb accepts your kill.
The orc knight attacks as you move away!
The orc knight completely misses you.
The orc knight no longer looks unusually strong.
Items here: )) [[ ÷.
The orc knight roars a battlecry!
The orcs go into a battle-frenzy!
The orc knight attacks as you move away!
The orc knight hits you with a +0 war axe!
The orc knight roars a battlecry!
Things that are here:
a +0 battleaxe; a +0 chain mail; an orc skeleton The orc knight attacks as you move away!
The orc knight hits you with a +0 war axe!
There is an open door, spattered with blood here.
Things that are here:
a +0 hand axe; a +0 leather armour The orc knight attacks as you move away!
The orc knight barely misses you.
The orc knight is engulfed in blazing flames.
Things that are here:
a +0 hand axe; a +0 leather armour; a gnoll skeleton The orc knight attacks as you move away!
The orc knight hits you with a +0 war axe!!
* * * LOW HITPOINT WARNING * * *
Okay, then.
You feel better.
The orc knight hits you with a +0 war axe!
You die...

##.o..[....##
#######..o..⌠.....#
##.....##.........##
#.......#.o.......#
##.......##)......##
+.........))).....#
##........)##)....##
#.....⌠..o..#######
#......@..##
#.........#
##.......##
#...)...# ##..)).##
♣♣##'')##♣
♣........♣
♣........♣♣♣
♣....∩.....♣


You could see 2 orc knights.

Vanquished Creatures
  5 orc warriors (Bailey)
  2 ogres (D:6)
  A phantom (D:4)
  A bullfrog (D:6)
  3 killer bees (D:4)
  2 hounds
  2 orc priests
  A gnoll shaman (D:6)
  2 jellies (D:6)
  2 iguanas
  4 orc wizards
  8 gnolls
  13 adders
  A worm (D:2)
  4 dart slugs
  20 orcs
  3 bats
  5 endoplasms
  4 giant cockroaches
  8 goblins
  13 hobgoblins
  11 jackals
  9 kobolds
  5 quokkas
  6 ball pythons
  3 frilled lizards
  3 rats
  A spectral kobold (D:1)
142 creatures vanquished.

Vanquished Creatures (collateral kills)
  A water moccasin (D:6)
  A phantom (D:6)
  A jelly (D:5)
  An orc priest (D:6)
  2 orc wizards (D:6)
  2 adders
  2 gnolls (D:6)
  2 worms (D:2)
  5 orcs
  A goblin (D:2)
18 creatures vanquished.

Vanquished Creatures (others)
  2 plants (D:4)
2 creatures vanquished.

Grand Total: 162 creatures vanquished

Notes
Turn   | Place    | Note
-------+----------+-------------------------------------------
     0 | D:1      | Inarius the Demonspawn Fighter began the quest for the Orb.
     0 | D:1      | Reached XP level 1. HP: 18/18 MP: 1/1
   342 | D:1      | Reached skill level 2 in Axes
   353 | D:1      | Gained mutation: A weak demonic guardian rushes to your
                  | aid. [demonic ancestry]
   353 | D:1      | Reached XP level 2. HP: 18/24 MP: 2/2
   869 | D:1      | Found a faded altar of an unknown god.
  1062 | D:1      | Gained mutation: You are partially covered in icy blue
                  | scales. (AC +2) [demonic ancestry]
  1062 | D:1      | Reached XP level 3. HP: 29/29 MP: 3/3
  1399 | D:2      | Reached skill level 3 in Axes
  1539 | D:2      | Gained mutation: A demonic guardian rushes to your aid.
                  | [demonic ancestry]
  1539 | D:2      | Reached XP level 4. HP: 29/35 MP: 4/4
  1621 | D:2      | Found a basalt altar of Yredelemnul.
  1814 | D:2      | Found Kiphiv's Jewellery Shop.
  3184 | D:4      | Noticed a phantom
  3202 | D:4      | Killed a phantom
  3203 | D:4      | Reached skill level 4 in Axes
  3203 | D:4      | Reached XP level 5. HP: 16/41 MP: 5/5
  3491 | D:4      | Reached XP level 6. HP: 32/47 MP: 6/6
  3626 | D:4      | Reached skill level 5 in Axes
  4488 | D:4      | Found a staircase to the Ecumenical Temple.
  4498 | Temple   | Entered the Ecumenical Temple
  4531 | Temple   | Became a worshipper of Makhleb the Destroyer
  4622 | D:5      | Entered Level 5 of the Dungeon
  4648 | D:5      | Gained mutation: Your demonic aura sometimes causes spilled
                  | blood to erupt in flames. [demonic ancestry]
  4648 | D:5      | Reached XP level 7. HP: 35/53 MP: 7/7
  5291 | D:5      | Reached skill level 1 in Invocations
  5428 | D:6      | Reached skill level 6 in Axes
  5690 | D:6      | Reached * piety under Makhleb
  6044 | D:6      | Reached skill level 7 in Axes
  6044 | D:6      | Reached XP level 8. HP: 7/61 MP: 9/9
  7497 | D:7      | Found a flagged portal.
  7506 | Bailey   | Entered a bailey
  7712 | Bailey   | Reached skill level 8 in Axes
  7712 | Bailey   | Reached skill level 5 in Armour
  7726 | Bailey   | Reached ** piety under Makhleb
  7964 | Bailey   | Noticed an orc knight
  7964 | Bailey   | Noticed an orc knight
  7965 | Bailey   | Noticed an orc knight
  7991 | Bailey   | Slain by an orc knight

Illustrated notes

Levels and vault maps discovered:
D:1:      minmay_arrival_loop, layout_loops_ring,
          dreamdust_ecumenical_altar_drowned_temple
D:2:      layout_basic, basic_altar, serial_shops, nicolae_shop_crystal,
          chequers_serial_rivers_micro_b, minmay_split_cup_small
D:3:      layout_loops_cross
D:4:      layout_rooms, temple_hall, serial_corexii_hall,
          corexii_hall_statues_s, chequers_hall_statues_wall_a,
          chequers_hall_statues_wall_a, corexii_hall_statues_i,
          corexii_hall_statues_t, corexii_hall_statues_l,
          guppyfry_early_lair_pool
D:5:      layout_cave_pools
D:6:      layout_layer_cave
D:7:      layout_basic, mainiacjoe_overflow_concentric_impassable,
          enter_bailey_2, nicolae_shop_fire_sale [nicolae_sub_dead_trees]
Temple:   mainiacjoe_temple_big_plus
Bailey:   bailey_axe_minmay_hex_keep, bailey

Skill      XL: |  1  2  3  4  5  6  7  8 |
---------------+-------------------------+-----
Axes           | 2 3 4 5 7 8 |  8.2
Armour         | 3 4 5 |  5.0
Shields        | 3 |  3.7
Fighting       | 4 |  4.9
Invocations    | 2 4 |  4.3

Action                   |  1- 3 |  4- 6 |  7- 9 || total
-------------------------+-------+-------+-------++-------
Melee: War axe           |   111 |   206 |   135 ||   452
Evoke: Wand              |       |       |     1 ||     1
  Use: Potion            |       |     1 |     1 ||     2
       Scroll            |       |       |    11 ||    11
Armor: Scale mail        |    60 |    18 |       ||    78
       Chain mail        |       |   152 |    87 ||   239
       Plate armour      |       |       |     1 ||     1
Dodge: Dodged            |    67 |    86 |    38 ||   191
Block: Buckler           |    37 |    64 |    28 ||   129

Table legend: (Time is in decaauts)
 A = Elapsed time spent in this place.
 B = Non-inter-level travel time spent in this place.
 C = Inter-level travel time spent in this place.
 D = Time resting spent in this place.
 E = Time spent auto-exploring this place.
 F = Levels seen in this place.
 G = Mean time per level.
                   A        B        C        D        E       F      G
               +--------+--------+--------+--------+--------+-----+--------+
         Total |   8134 |   7877 |    257 |   2169 |   4399 |   9 |  903.8 |
       Dungeon |   7587 |   7352 |    235 |   1837 |   4364 |   7 | 1083.9 |
        Temple |     55 |     33 |     22 |      0 |     27 |   1 |   55.0 |
        Bailey |    490 |    490 |      0 |    332 |      8 |   1 |  490.0 |
               +--------+--------+--------+--------+--------+-----+--------+

Top non-repeatable levels by time:
     D:6: 2167 daAuts
     D:1: 1339 daAuts
     D:4: 1221 daAuts
     D:2: 1090 daAuts
     D:3: 1029 daAuts
     D:5: 717 daAuts
  Bailey: 490 daAuts
  Temple: 55 daAuts
     D:7: 21 daAuts
